 Dungeon Crawl Stone Soup version 0.31.0-9-g3a7656b989 (webtiles) character file.

Game seed: 16474441487269841830

202 qw the Shooter (level 5, 0/26 HPs)
             Began as a Spriggan Hunter on Feb 2, 2024.
             Was an Initiate of Okawaru.
             Succumbed to an adder's poison
             ... on level 4 of the Dungeon.
             The game lasted 00:00:09 (2718 turns).

qw the Shooter (Spriggan Hunter)                    Turns: 2718, Time: 00:00:10

Health: 0/26       AC:  2    Str:  7      XL:     5   Next: 50%
Magic:  6/6        EV: 20    Int: 10      God:    Okawaru [......]
Gold:   195        SH:  0    Dex: 18 (21) Spells: 4/4 levels left

rFire   . . .        a - +0 shortbow
rCold   . . .        (shield currently unavailable)
rNeg    . . .        c - +0 robe
rPois   .            (helmet restricted)
rElec   .            (no cloak)
rCorr   +            (gloves unavailable)
SInv    +            (boots unavailable)
Will    .....        (no amulet)
Stlth   ++           e - ring of resist corrosion
HPRegen 0.24/turn    (no ring)
MPRegen 0.10/turn

%: no passive effects
@: lethally poisoned (0 -> -5), very quick
A: very small, no large weapons, unfitting armour, see invisible, speed 3
a: Renounce Religion


You were on level 4 of the Dungeon.
You worshipped Okawaru.
Okawaru was noncommittal.
You visited 1 branch of the dungeon, and saw 4 of its levels.

You collected 195 gold pieces.


Innate Abilities, Weirdness & Mutations

You are very small and have problems with some larger weapons.
You are too small for most types of armour.
You have supernaturally acute eyesight. (SInv)
You cover ground extremely quickly. (Speed+++)


   Skills:
 - Level 2.0 Fighting
 + Level 5.5 Ranged Weapons
 - Level 5.4 Dodging
 - Level 1.5 Stealth


You had 4 spell levels left.
You didn't know any spells.
Your spell library was empty.

Inventory:

Hand Weapons
 a - a +0 shortbow (weapon)
Armour
 c - a +0 robe (worn)
Jewellery
 e - a ring of resist corrosion (left hand)
Wands
 d - a wand of polymorph (5)
Scrolls
 k - a scroll of vulnerability {unknown}
 l - a scroll of identify
Potions
 b - a potion of heal wounds {unknown}
 f - 2 potions of haste
 g - a potion of magic {unknown}
 h - a potion of enlightenment {unknown}
 i - 2 potions of might {unknown}
 j - a potion of ambrosia {unknown}

Dungeon Overview and Level Annotations

Branches:
Dungeon (4/15)             Temple (0/1) D:4

Altars:
Okawaru
Trog

Shops:
D:3 =


Message History

A ball python comes into view.
The hound bites you but does no damage.
You shoot an arrow. The arrow completely misses the hound.
The ball python hisses angrily.
The hound misses you.
You shoot an arrow. The arrow closely misses the hound.
The hound misses you. The adder completely misses you. The hound misses you.
You shoot an arrow.
The arrow hits the hound but does no damage.
The hound is severely wounded.
The adder completely misses you. The hound barely misses you.
The adder closely misses you. The hound closely misses you.
You shoot an arrow. The arrow hits the hound.
The hound is severely wounded.
The hound barely misses you. The adder barely misses you. The hound bites you.
Enter note:
2714 ||| RETREEEEATING.
The hound attacks as it pursues you! The hound closely misses you.
You shoot an arrow. The arrow hits the hound.
You kill the hound!
Okawaru accepts your kill. The adder bites you.
A white imp comes into view.
The adder completely misses you.
You feel your dexterity returning.
You shoot an arrow. The arrow hits the adder.
The adder is moderately wounded.
The adder bites you.
You are lethally poisoned!
The adder poisons you!
The ball python bites you but does no damage.
The ball python closely misses you.
You shoot an arrow. The arrow hits the adder.
The adder is severely wounded.
You feel sick. The adder misses you. The ball python completely misses you.
The ball python misses you. The adder misses you.
You shoot an arrow. The arrow hits the adder.
You kill the adder!
Okawaru accepts your kill.
You die...

##### ##
#....######....
# #......5....#
P # #w.5..55##
~~..#######
5......#.S##
~~P<)......
h.#....##@.#
....####...
5S5.#.# ##.## #
##.#. .w. #.
#..# #..#. .. #.
##.### #.##. . #
#...# ####>##.
#...## #._..##.
#....####.#####.
#.##......# #..
# ##.##....###
#.#


You could see a quasit, 2 white imps and a ball python.

Vanquished Creatures
  A quasit (D:4)
  A hound (D:4)
  An orc wizard (D:4)
  3 adders
  A white imp (D:4)
  2 ufetubi (D:4)
  A dart slug (D:1)
  2 ribbon worms
  6 orcs
  7 ball pythons
  5 bats
  4 endoplasms
  A giant cockroach (D:2)
  7 goblins
  8 hobgoblins
  6 jackals
  2 kobolds
  2 quokkas (D:1)
  2 frilled lizards
  7 rats
69 creatures vanquished.

Notes
Turn   | Place    | Note
-------+----------+-------------------------------------------
     0 | D:1      | qw the Spriggan Hunter began the quest for the Orb.
     0 | D:1      | Reached XP level 1. HP: 10/10 MP: 2/2
     0 | D:1      | 0 ||| qw: Version: 0.3-a-155-g5e7d8dd
     0 | D:1      | 0 ||| qw: Game counter: 934
     0 | D:1      | 0 ||| qw: Melee chars always use a shield: true
     0 | D:1      | 0 ||| qw: God list: Okawaru
     0 | D:1      | 0 ||| qw: Allow faded altars: false
     0 | D:1      | 0 ||| qw: Do Orc after clearing Dungeon:15 true
     0 | D:1      | 0 ||| qw: Do second Lair branch before Depths: true
     0 | D:1      | 0 ||| qw: Lair rune preference: random
     0 | D:1      | 0 ||| qw: Goals: Normal
     0 | D:1      | 0 ||| PLANNING D:1-11
    68 | D:1      | Reached skill level 3 in Dodging
   275 | D:1      | Reached XP level 2. HP: 14/14 MP: 3/3
   783 | D:1      | 783 ||| UPGRADING to ring of resist corrosion.
   784 | D:1      | 784 ||| READING 2 scrolls labelled QAGUFI NE OKHO.
   785 | D:1      | 785 ||| READING 2 scrolls labelled HIRINU SITE.
   785 | D:1      | 785 ||| IDENTIFYING coppery potion
   786 | D:1      | 786 ||| READING scroll of identify.
   786 | D:1      | 786 ||| IDENTIFYING pink potion
   787 | D:1      | 787 ||| READING scroll labelled XISAUB HYFAGEPH.
   812 | D:1      | 812 ||| DROPPING scroll of butterflies.
   813 | D:1      | 813 ||| DROPPING scroll of noise.
   814 | D:1      | 814 ||| DROPPING potion of attraction.
   955 | D:2      | Reached XP level 3. HP: 18/18 MP: 4/4
  1737 | D:2      | 1737 ||| READING scroll of identify.
  1737 | D:2      | 1737 ||| IDENTIFYING puce potion
  1738 | D:2      | 1738 ||| READING scroll labelled GIUDGH LAFUCOET.
  1738 | D:2      | 1738 ||| ENCHANTING +0 shortbow.
  1739 | D:2      | 1739 ||| READING scroll labelled BEKHYE RYITU.
  1740 | D:2      | 1740 ||| READING scroll labelled CYBAOD GUTAWK.
  1743 | D:2      | 1743 ||| READING 2 scrolls labelled ZAEHYU BIOQU.
  1744 | D:2      | 1744 ||| DROPPING scroll of revelation.
  1745 | D:2      | 1745 ||| DROPPING potion of brilliance.
  1795 | D:3      | Reached XP level 4. HP: 22/22 MP: 5/5
  1801 | D:3      | Found Xumak's One-of-a-Kind Rings.
  1810 | D:3      | 1810 ||| SHOPLISTING +3 ring of evasion (140 gold, have
                  | 112).
  1810 | D:3      | 1810 ||| SHOPLISTING +3 ring of strength (140 gold, have
                  | 112).
  1810 | D:3      | 1810 ||| SHOPLISTING +7 ring of dexterity (630 gold, have
                  | 112).
  1810 | D:3      | 1810 ||| SHOPLISTING +8 ring of slaying (2800 gold, have
                  | 112).
  1810 | D:3      | 1810 ||| SHOPLISTING ring "Tilipnu" {rF+ Will+ MP+9 Str+2
                  | Int-2} (554 gold, have 112).
  1810 | D:3      | 1810 ||| SHOPLISTING ring of Sees {Will+ rCorr Int+6} (702
                  | gold, have 112).
  2223 | D:3      | 2223 ||| READING scroll labelled OHICHA ZERUSA.
  2224 | D:3      | 2224 ||| FLEEEEING.
  2226 | D:3      | 2226 ||| FLEEEEING.
  2227 | D:3      | 2227 ||| FLEEEEING.
  2229 | D:3      | 2229 ||| FLEEEEING.
  2230 | D:3      | 2230 ||| FLEEEEING.
  2231 | D:3      | 2231 ||| FLEEEEING.
  2232 | D:3      | 2232 ||| FLEEEEING.
  2233 | D:3      | 2233 ||| FLEEEEING.
  2234 | D:3      | 2234 ||| FLEEEEING.
  2235 | D:3      | 2235 ||| FLEEEEING.
  2239 | D:3      | 2239 ||| STAIRDANCE
  2376 | D:3      | Found a bloodstained altar of Trog.
  2460 | D:4      | 2460 ||| FLEEEEING.
  2462 | D:4      | 2462 ||| STAIRDANCE
  2521 | D:4      | Found an iron altar of Okawaru.
  2522 | D:4      | 2522 ||| PLANNING OKAWARU WORSHIP
  2529 | D:4      | Became a worshipper of Warmaster Okawaru
  2530 | D:4      | 2530 ||| PLANNING D:1-11
  2587 | D:4      | Found a staircase to the Ecumenical Temple.
  2693 | D:4      | Reached XP level 5. HP: 26/26 MP: 6/6
  2693 | D:4      | 2693 ||| RETREEEEATING.
  2695 | D:4      | 2695 ||| RETREEEEATING.
  2714 | D:4      | 2714 ||| RETREEEEATING.
  2715 | D:4      | HP: 5/26 [adder (2)]
  2717 | D:4      | HP: 1/26 [poisoned by an adder]
  2718 | D:4      | Succumbed to an adder's poison

Levels and vault maps discovered:
D:1:      evilmike_arrival_rings, layout_basic, st_stairs_12
D:2:      layout_loops_corners, kennysheep_generic_room_10
D:3:      layout_rooms, lightli_temple_of_fire, hangedman_decor_riveting,
          minmay_misc_feat_five, hangedman_decor_growths,
          nicolae_shop_unique_rings, grunt_decor_cap, grunt_decor_junction,
          kennysheep_generic_room_4
D:4:      layout_rooms, overflow_temple_1_default, lemuel_tele_altar,
          minmay_temple_entry_drinking_statues, serial_demonic,
          serial_demonic_c, serial_demonic_d, serial_demonic_b,
          serial_demonic_g, roderic_serpentine_path

Skill      XL: |  1  2  3  4  5 |
---------------+----------------+-----
Dodging        | 3 4 5 |  5.4
Ranged Weapons | 5 |  5.5
Fighting       | 2 |  2.0
Stealth        | |  1.5

Action                     |  1- 3 |  4- 6 || total
---------------------------+-------+-------++-------
   Fire: Shortbow          |   124 |    76 ||   200
    Use: Scroll            |     9 |     1 ||    10
 Armour: Robe              |     7 |    28 ||    35
  Dodge: Dodged            |    34 |    79 ||   113

Table legend:
 A = Non-vault XP
 B = Vault XP
 C = Vault XP percentage of total XP
 D = Non-vault monster count
 E = Vault monster count
 F = Vault count percentage of total count
                 A         B        C        D         E       F
            +---------+---------+-------+---------+---------+-------
      Total |     224 |      78 |  25.8 |      62 |       7 |  10.1
            +---------+---------+-------+---------+---------+-------
        D:1 |      29 |       4 |  12.1 |      17 |       2 |  10.5
        D:2 |      61 |       0 |   0.0 |      21 |       0 |   0.0
        D:3 |      29 |       2 |   6.5 |      15 |       1 |   6.2
        D:4 |     105 |      72 |  40.7 |       9 |       4 |  30.8
            +---------+---------+-------+---------+---------+-------
